 Dungeon Crawl Stone Soup version 0.26-a0-450-ge645bd1 (webtiles) character file.

Game seed: 11308078863049807562

52 Crimsoncloak the Sneak (level 4, 0/27 HPs)
             Began as a Kobold Brigand on July 27, 2020.
             Slain by Natasha (5 damage)
             ... on level 2 of the Dungeon.
             The game lasted 00:03:04 (1434 turns).

Crimsoncloak the Sneak (Kobold Brigand)             Turns: 1434, Time: 00:03:06

Health: 0/27       AC:  3    Str:  8    XL:     4   Next: 8%
Magic:  4/4        EV: 15    Int: 12    God:
Gold:   40         SH:  0    Dex: 17    Spells: 3/3 levels left

rFire    . . .     SeeInvis .   a - +2 dagger
rCold    . . .     Faith    .   (shield restricted)
rNeg     . . .     Spirit   .   b - +0 robe
rPois    .         Reflect  .   (no helmet)
rElec    .         Harm     .   c - +0 cloak
rCorr    .                      (no gloves)
MR       .....                  (no boots)
Stlth    ++++......             (no amulet)
HPRegen  0.09/turn              (no ring)
MPRegen  0.09/turn              (no ring)

@: no status effects
A: small, nightstalker 3
a: no special abilities


You were on level 2 of the Dungeon.
You visited 1 branch of the dungeon, and saw 2 of its levels.

You collected 40 gold pieces.

Inventory:

Hand Weapons
 a - a +2 dagger (weapon)
Missiles
 d - 6 poisoned darts (quivered)
 e - 2 curare-tipped darts
Armour
 b - a +0 robe (worn)
 c - a +0 cloak (worn)
Scrolls
 i - a scroll of identify {unknown}
Potions
 f - a potion of ambrosia {unknown}
 g - a potion of lignification {unknown}
 h - a potion of mutation {unknown}


   Skills:
 + Level 2.7 Fighting
 * Level 4.0 Short Blades
 - Level 2.1 Throwing
 + Level 2.1 Dodging
 + Level 5.8 Stealth


You had 3 spell levels left.
You didn't know any spells.
Your spell library was empty.

Dungeon Overview and Level Annotations

Branches:
Dungeon (2/15)

Altars:

Annotations:
D:2 Natasha


Innate Abilities, Weirdness & Mutations

You are small and have problems with some larger weapons.
You are completely attuned to the shadows.


Message History

Natasha is almost dead.
You hit Natasha but do no damage.
Natasha is almost dead.
Natasha misses you.
You closely miss Natasha.
Natasha is almost dead.
The crimson imp hits you but does no damage.
Natasha casts a spell.
You hit Natasha.
Natasha is almost dead.
The crimson imp hits you.
* * * LOW HITPOINT WARNING * * *
Natasha claws you but does no damage.
You closely miss Natasha.
Natasha is almost dead.
The crimson imp hits you but does no damage.
Natasha howls an incantation.
Natasha's front paws start to glow.
Natasha claws you.
You die...

####......†.#
########.#
#.## # #..#
#.#..## ##
#....# #.#
##...##.#
##..#.#
##(@.##
####.5h#.#####
+.....5.......
###.......####
#........#
#..#.##..#
#..#.##..#
#[.#..#..#
#..##.#..#


You could see Natasha, a crimson imp (summoned) and a shadow imp (summoned).

Vanquished Creatures
  Natasha (D:2)
  3 dart slugs (D:1)
  3 giant cockroaches
  3 goblins (D:1)
  4 hobgoblins
  A quokka (D:2)
  A ball python (D:1)
  3 bats (D:1)
  A frilled lizard (D:1)
  2 rats (D:1)
22 creatures vanquished.

Notes
Turn   | Place    | Note
-------+----------+-------------------------------------------
     0 | D:1      | Crimsoncloak the Kobold Brigand began the quest for the
                  | Orb.
     0 | D:1      | Reached XP level 1. HP: 12/12 MP: 1/1
   313 | D:1      | Reached XP level 2. HP: 18/18 MP: 2/2
   700 | D:1      | Reached XP level 3. HP: 22/22 MP: 3/3
  1042 | D:2      | Noticed Natasha
  1217 | D:2      | Killed Natasha
  1217 | D:2      | Reached XP level 4. HP: 19/27 MP: 4/4
  1415 | D:2      | Noticed Natasha
  1434 | D:2      | Slain by Natasha

Illustrated notes

Levels and vault maps discovered:
D:1:      scummos_arrival_simple_crosswalls, layout_loops_cross,
          minmay_misc_feat_doors, minmay_misc_feat_five
D:2:      layout_loops_corners, nicolae_ru_sacrificial_ziggurat, uniq_natasha

Skill      XL: |  1  2  3 |
---------------+----------+-----
Short Blades   | 3 4 |  4.0
Dodging        | 2 |  2.1
Fighting       | |  2.7
Throwing       | |  2.1
Stealth        | |  5.8

Action                   |  1- 3 |  4- 6 || total
-------------------------+-------+-------++-------
Melee: Dagger            |    56 |    23 ||    79
Throw: Dart              |     7 |     5 ||    12
 Stab: Sleeping          |    11 |       ||    11
Armor: Robe              |    11 |     5 ||    16
Dodge: Dodged            |    27 |    17 ||    44

Table legend: (Time is in decaauts)
 A = Elapsed time spent in this place.
 B = Non-inter-level travel time spent in this place.
 C = Inter-level travel time spent in this place.
 D = Time resting spent in this place.
 E = Time spent auto-exploring this place.
 F = Levels seen in this place.
 G = Mean time per level.
                   A        B        C        D        E       F      G
               +--------+--------+--------+--------+--------+-----+--------+
         Total |   1419 |   1380 |     39 |    411 |    670 |   2 |  709.5 |
       Dungeon |   1419 |   1380 |     39 |    411 |    670 |   2 |  709.5 |
               +--------+--------+--------+--------+--------+-----+--------+

Top non-repeatable levels by time:
     D:1: 916 daAuts
     D:2: 503 daAuts
